AoeStats
← Lili La Souris

Arabia

510109699Analyzed
1v1 RM · 3d ago on Sep 29, 2026· 54m 18s· 2 players
Game mode
Random Map
Map size
Tiny (2 player)
Population
200
Speed
Normal
Resources
Standard
Victory
Conquest
Starting age
Dark Age
Ending age
Imperial Age
RankedLock teamsTeams togetherTeam positionsShared explorationLock speedFull tech treeHidden civsTurbo modeCheats
Victory
Defeat
🇫🇷 Huns · France
851
+17
🇵🇰 Malians · Pakistan
866
-17
Lili La Souris
0:42 Loom
13:44 Feudal Age
15:34 Wheelbarrow
18:55 Castle Age
19:01 Pikeman
20:06 Squires
23:59 Hand Cart
25:27 Fletching
27:16 Double-Bit Axe
27:31 Murder Holes
29:34 Bodkin Arrow
30:28 Scale Barding Armor
31:05 Husbandry
31:16 Bloodlines
34:20 Forging
41:45 Chain Barding Armor
47:31 Imperial Age
50:56 Imperial Age
Sannan
9:08 Feudal Age
10:21 Double-Bit Axe
13:07 Horse Collar
21:07 Castle Age
21:29 Gold Mining
22:16 Fletching
22:48 Loom
23:40 Wheelbarrow
23:02 Crossbowman
24:13 Bodkin Arrow
30:09 Bow Saw
34:55 Ballistics
37:41 Imperial Age
37:13 Thumb Ring
38:48 Heavy Plow
40:09 Arbalester
52:00 Chemistry
Connection lost

Rejoining the realm…

Still unreachable

The connection could not be restored.

Session expired

The server has moved on; the page needs a fresh start.